 Dungeon Crawl Stone Soup version 0.28.0-53-g5a82cb258f (webtiles) character file.

Game seed: 6371678670079741419

39534 NoAnimeNoLife the Devastator (level 13, -3/64 HPs)
             Began as a Deep Elf Conjurer on June 2, 2022.
             Was an Elder of Sif Muna.
             Slain by a boulder beetle (43 damage)
             ... on level 4 of the Lair of Beasts.
             The game lasted 01:24:37 (30495 turns).

NoAnimeNoLife the Devastator (Deep Elf Conjurer)   Turns: 30495, Time: 01:24:37

Health: -3/64      AC: 11    Str:  4    XL:     13   Next: 69%
Magic:  20/44      EV: 15    Int: 27    God:    Sif Muna [****..]
Gold:   1836       SH:  5    Dex: 13    Spells: 8/44 levels left

rFire   . . .      SeeInvis +   c - staff of conjuration
rCold   . . .      Faith    .   (no shield)
rNeg    . . .      Spirit   .   y - +1 steam dragon scales
rPois   .          Reflect  +   j - +2 hat {SInv}
rElec   .          Harm     .   U - scarf {shadows}
rCorr   .          Rampage  .   (no gloves)
Will    +....                   F - +2 pair of boots {Stlth+}
Stlth   +++.......              V - amulet of reflection
HPRegen 1.00/turn               e - ring of wizardry
MPRegen 0.29/turn               b - ring of magical power

@: no status effects
A: dopey 1, frail 1, regeneration 1
a: Renounce Religion, Channel Magic, Forget Spell, Divine Exegesis


You were on level 4 of the Lair of Beasts.
You worshipped Sif Muna.
Sif Muna was greatly pleased with you.
You visited 3 branches of the dungeon, and saw 17 of its levels.
You also visited: Sewer, Bailey and Volcano.

You collected 1990 gold pieces.
You spent 154 gold pieces at shops.

Inventory:

Hand Weapons
 r - a +2 short sword of holy wrath
Missiles
 g - a throwing net
Armour
 h - a +1 leather armour of fire resistance
 j - a +2 hat of see invisible (worn)
 y - +1 steam dragon scales (worn)
 E - the +3 plate armour of Loivvir {rPois rC+ Str+6 Int+3}
   (You took it off an orc warrior in a bailey)

   Str:       It affects your strength (+6).
   Int:       It affects your intelligence (+3).
   rC:        It protects you from cold.
   rPois:     It protects you from poison.
 F - a +2 pair of boots of stealth (worn)
 P - the +3 leather armour of Unreason {Contam Harm rPois}
   (You found it in a volcano)

   rPois:     It protects you from poison.
   Contam:    It causes magical contamination when unequipped.
   Harm:      It increases damage dealt and taken.
 T - the +0 robe of Wu Jian's Hope {rElec rN++ Str-3 Stlth+}
   (You found it on level 2 of the Lair of Beasts)

   Str:       It affects your strength (-3).
   rElec:     It insulates you from electricity.
   rN:        It greatly protects you from negative energy.
   Stlth:     It makes you more stealthy.
 U - a scarf of shadows (worn)
Magical Staves
 c - a staff of conjuration (weapon)
Jewellery
 b - a ring of magical power (right hand)
 d - a ring of positive energy
 e - a ring of wizardry (left hand)
 v - a ring of willpower
 D - a ring of wizardry
 V - an amulet of reflection (around neck)
 W - a ring of poison resistance
Wands
 o - a wand of flame (4)
 p - a wand of mindburst (4)
 s - a wand of acid (7)
 A - a wand of paralysis (24)
 B - a wand of charming (18)
 L - a wand of iceblast (2)
Scrolls
 f - 3 scrolls of enchant weapon
 i - a scroll of enchant armour
 k - 4 scrolls of amnesia
 q - 4 scrolls of identify
 t - 2 scrolls of noise
 H - 4 scrolls of teleportation
 M - 2 scrolls of fear
Potions
 a - a potion of cancellation
 l - a potion of brilliance
 m - 3 potions of might
 n - 7 potions of heal wounds
 w - a potion of flight
 x - 2 potions of lignification
 J - 2 potions of curing
 N - a potion of haste
 O - a potion of ambrosia
 Q - a potion of magic
 S - a potion of invisibility
 X - a potion of resistance
Miscellaneous
 K - a piece from Xom's chessboard (15/15)


   Skills:
 + Level 5.1 Fighting
 + Level 7.9 Dodging
 - Level 2.4 Stealth
 + Level 16.2 Spellcasting
 - Level 16.9 Conjurations
 - Level 10.2 Earth Magic
 + Level 5.5 Invocations


You had 8 spell levels left.
You knew the following spells:

 Your Spells              Type           Power      Damage    Failure   Level
a - Magic Dart            Conj           100%       1d8       0%          1
b - Searing Ray           Conj           100%       2d8       0%          2
c - Dazzling Flash        Conj/Hex       100%       N/A       1%          3
d - Fulminant Prism       Conj/Hex       39%        3d18      1%          4
e - Iskenderun's Mystic   Conj/Tloc      79%        2d16      1%          4
f - Swiftness             Air            21%        N/A       2%          3
g - Summon Guardian Gole  Hex/Summ       21%        N/A       2%          3
h - Mephitic Cloud        Conj/Pois/Air  68%        N/A       1%          3
i - Flame Wave            Conj/Fire      79%        2d14      1%          4
j - Orb of Destruction    Conj           53%        9d13      1%          7
k - Blink                 Tloc           42%        N/A       1%          2

Your spell library contained the following spells:

 Spells                   Type           Power      Damage    Failure   Level
 Apportation              Tloc           42%        N/A       1%          1
 Foxfire                  Conj/Fire      100%       2x1d9     1%          1
 Shock                    Conj/Air       100%       1d9       1%          1
 Sting                    Tmut/Pois      84%        1d7       1%          1
 Summon Small Mammal      Summ           84%        N/A       1%          1
 Poisonous Vapours        Pois/Air       42%        N/A       1%          2
 Scorch                   Fire           42%        2d7       1%          2
 Stone Arrow              Conj/Erth      100%       3d13      1%          3
 Sticky Flame             Conj/Fire      79%        2d9       1%          4
 Lee's Rapid Deconstruct  Erth           33%        3d18*     1%          5
 Lightning Bolt           Conj/Air       39%        1d58      1%          5
 Call Canine Familiar     Summ           21%        N/A       2%          3
 Frozen Ramparts          Ice            42%        1d6       2%          3
 Ignite Poison            Fire/Tmut/Pois 21%        N/A       2%          3
 Tukima's Dance           Hex            21%        N/A       2%          3
 Freezing Cloud           Conj/Ice/Air   34%        6-21      2%          5
 Airstrike                Air            10%        N/A       9%          4
 Cause Fear               Hex            10%        N/A       9%          4
 Ice Form                 Ice/Tmut       21%        N/A       9%          4
 Olgreb's Toxic Radiance  Pois           21%        N/A       9%          4
 Passage of Golubria      Tloc           21%        N/A       9%          4
 Summon Ice Beast         Ice/Summ       21%        N/A       9%          4
 Lehudib's Crystal Spear  Conj/Erth      48%        10d12     22%         8
 Agony                    Necr           21%        N/A       26%         5
 Alistair's Intoxication  Tmut/Pois      14%        N/A       26%         5
 Manifold Assault         Tloc           21%        N/A       26%         5
 Silence                  Hex/Air        10%        N/A       26%         5
 Summon Forest            Summ/Tloc      10%        N/A       26%         5
 Summon Mana Viper        Hex/Summ       21%        N/A       26%         5
 Yara's Violent Unravell  Hex/Tmut       10%        3d6       26%         5
 Summon Cactus Giant      Summ           10%        N/A       77%         6
 Dragon Form              Tmut           10%        N/A       99%         7
 Storm Form               Tmut/Air       10%        N/A       99%         7
 Chain Lightning          Conj/Air       39%        3d52      100%        9
 Dragon's Call            Summ           10%        N/A       100%        9


Dungeon Overview and Level Annotations

Branches:
Dungeon (11/15)            Temple (0/1) D:7            Lair (4/6) D:9
  Swamp (0/4) Lair:4        Snake (0/4) Lair:3          Orc (2/2) D:9
    Elf (0/3) Orc:2         Sewer (visited)          Bailey (visited)
Volcano (visited)

Altars:
Fedhas
Gozag
Nemelex Xobeh
Qazlal
Ru
Sif Muna
Trog
Uskayaw
Xom
Beogh

Shops:
D:4 =   D:6 =   Orc:1 :[   Orc:2 ?[(

Annotations:
D:10 exclusion: oklob plant
Lair:4 1 transporter


Innate Abilities, Weirdness & Mutations

You are dopey. (Int -2)
You are frail. (-10% HP)
Your natural rate of healing is unusually fast.


Message History

The flame wave engulfs the boulder beetle!
The boulder beetle is heavily wounded.
The flame wave engulfs the boulder beetle!!
The boulder beetle is moderately wounded.
You finish channelling waves of flame.
The boulder beetle bites you but does no damage.
The boulder beetle waves its antennae.
The boulder beetle bites you.
The boulder beetle leaps!
The boulder beetle closely misses you.
Casting: Flame Wave (safe; 1% risk of failure)
Confirm with . or Enter, or press ? or * to list all spells.
Casting: Flame Wave (safe; 1% risk of failure)
Press: ? - help, Dir - look around, f - activate You feel a surge of power!
A wave of flame ripples out!
The flame wave engulfs the boulder beetle but does no damage.
The boulder beetle is heavily wounded.
The flame wave engulfs the boulder beetle.
The boulder beetle is moderately wounded. (Press . to intensify the flame waves.)
The boulder beetle bites you!!
The boulder beetle curls into a ball and begins rolling!
The boulder beetle waves its antennae.
The boulder beetle bites you but does no damage.
A wave of flame ripples out!
The flame wave engulfs the boulder beetle but does no damage.
The boulder beetle is heavily wounded.
The flame wave engulfs the boulder beetle!
The boulder beetle is moderately wounded.
The boulder beetle bites you.
The boulder beetle leaps!
Unknown command.
A wave of flame ripples out!
The flame wave engulfs the boulder beetle!
The boulder beetle is heavily wounded.
The flame wave engulfs the boulder beetle!
The boulder beetle is moderately wounded.
You finish channelling waves of flame.
The boulder beetle completely misses you.
The boulder beetle hits you!!!
Ouch! That really hurt!
You die...

...........##....................
.............#..©..#.#...........
............○#..©..##...........#
.............########............
.............#..©°)#.............
.............#.#B#.#.........>...
.............#.#○#.#.............
.............#.#B#.#........<....
.............##B@.##.............
.#..##....#..#8#©#8#.............
###.##....#..###§###.....#.##....
# #####........#8#.......#####...
# #.........###....#### #... #
###............### ##.. #
###...........### ##.
#.........)....# ##..
#..............### ##...


You could see 3 boulder beetles.

Vanquished Creatures
  A red draconian (Volcano)
  3 hydras
  Erica (D:8)
  2 two-headed ogres
  A centaur warrior (Volcano)
  5 death yaks (D:9)
  4 orc high priests (Orc:2)
  Sonja (Lair:1)
  2 lindwurms (Lair:1)
  An orc sorcerer (Orc:2)
  A centaur zombie (D:10)
  7 elephants
  A molten gargoyle (Volcano)
  A gargoyle (Volcano)
  3 black mambas
  An unseen horror (D:10)
  9 cane toads
  Maggie (D:6)
  5 rime drakes
  2 tengu conjurers (D:9)
  6 komodo dragons
  An anaconda simulacrum (Lair:3)
  2 yaktaurs (Volcano)
  2 trolls (Orc:1)
  A wolf spider simulacrum (Lair:3)
  A polar bear (Lair:3)
  Grinder (D:5)
  Prince Ribbit (D:7)
  A shadow (D:9)
  2 fire bats (Volcano)
  A dire elephant simulacrum (Lair:3)
  3 wyverns
  A basilisk (Lair:4)
  21 yaks
  10 vampire mosquitoes
  Menkaure (D:6)
  2 steam dragons
  A warg (Orc:1)
  2 nagas (Lair:3)
  4 water moccasins
  A hydra simulacrum (Lair:3)
  Pargi (Sewer)
  A sky beast (D:8)
  2 ice beasts (D:5)
  27 orc warriors
  2 black bears
  6 ogres
  4 wolves (Lair:4)
  3 centaurs
  9 bullfrogs
  4 kobold brigands
  A gnoll sergeant (D:8)
  3 scorpions
  An elephant simulacrum (Lair:3)
  6 killer bees (D:9)
  3 electric eels
  A howler monkey (D:4)
  2 lava snakes (Volcano)
  4 jellies
  A komodo dragon simulacrum (Lair:3)
  A bullfrog zombie (D:5)
  A gnoll shaman (D:5)
  2 centaur skeletons
  4 hounds
  31 orc priests
  2 iguanas
  20 orc wizards
  3 hell rats (Lair:2)
  A howler monkey zombie (D:8)
  12 gnolls
  16 river rats (Lair:2)
  10 adders
  A shadow imp (D:7)
  An adder skeleton (D:4)
  3 worms
  2 dart slugs
  71 orcs
  2 bats (D:3)
  5 endoplasms
  7 giant cockroaches
  9 goblins
  9 hobgoblins
  4 jackals (D:3)
  13 quokkas
  6 ball pythons
  3 frilled lizards
  28 kobolds
  A quokka skeleton (D:4)
  11 rats
  A fulminant prism (Orc:2)
478 creatures vanquished.

Vanquished Creatures (others)
  A yaktaur (Volcano)
  A centaur (D:9)
  129 fulminant prisms
  10 fungi
  17 plants
  8 toadstools (Lair:1)
166 creatures vanquished.

Grand Total: 644 creatures vanquished

Notes
Turn   | Place    | Note
-------+----------+-------------------------------------------
     0 | D:1      | NoAnimeNoLife the Deep Elf Conjurer began the quest for the
                  | Orb.
     0 | D:1      | Reached XP level 1. HP: 10/10 MP: 6/6
   212 | D:1      | Reached XP level 2. HP: 15/15 MP: 6/8
   237 | D:1      | Found a faded altar of an unknown god.
   241 | D:1      | Learned a level 2 spell: Searing Ray
   247 | D:1      | Prayed at the altar of an unknown god.
   247 | D:1      | Became a worshipper of Sif Muna the Loreminder
   247 | D:1      | Reached * piety under Sif Muna
   887 | D:2      | Reached skill level 5 in Conjurations
   998 | D:2      | Reached XP level 3. HP: 19/19 MP: 7/10
  1705 | D:3      | Reached XP level 4. HP: 24/24 MP: 2/12
  1716 | D:3      | Reached ** piety under Sif Muna
  1837 | D:3      | Found a sparkling altar of Nemelex Xobeh.
  2119 | D:3      | Found a glowing drain.
  2133 | Sewer    | Entered a sewer
  2139 | Sewer    | Noticed Pargi
  2145 | Sewer    | Killed Pargi
  2146 | Sewer    | Reached skill level 5 in Spellcasting
  2146 | Sewer    | Reached XP level 5. HP: 11/28 MP: 2/14
  2808 | D:4      | Learned a level 3 spell: Dazzling Flash
  2813 | D:4      | Learned a level 4 spell: Fulminant Prism
  2818 | D:4      | Learned a level 4 spell: Iskenderun's Mystic Blast
  2837 | D:4      | Reached XP level 6. HP: 29/32 MP: 1/16
  3359 | D:4      | Found a stormy altar of Qazlal.
  3886 | D:4      | Found Nirruoqo's Jewellery Shop.
  4065 | D:5      | Entered Level 5 of the Dungeon
  4075 | D:5      | Reached XP level 7. HP: 36/36 MP: 7/18
  4109 | D:5      | Noticed a steam dragon
  4314 | D:5      | Learned a level 3 spell: Swiftness
  4496 | D:5      | Noticed Grinder
  4522 | D:5      | Killed Grinder
  4522 | D:5      | Reached *** piety under Sif Muna
  4523 | D:5      | Reached XP level 8. HP: 33/41 MP: 2/21
  5318 | D:5      | Reached skill level 10 in Conjurations
  5805 | D:5      | Found a shimmering altar of Xom.
  5805 | D:5      | Found an opulent altar of Gozag.
  5826 | D:5      | Found a hide-covered altar of Uskayaw.
  6570 | D:5      | Identified a scroll of acquirement
  6570 | D:5      | Acquired a staff of conjuration
  6583 | D:5      | Gained mutation: You have a pair of small horns on your
                  | head. [potion of mutation]
  6583 | D:5      | Gained mutation: You are clumsy. (Dex -2) [potion of
                  | mutation]
  6584 | D:5      | Lost mutation: You have a pair of small horns on your head.
                  | [potion of mutation]
  6584 | D:5      | Lost mutation: You are clumsy. (Dex -2) [potion of
                  | mutation]
  6584 | D:5      | Gained mutation: You possess an exceptional clarity of
                  | mind. [potion of mutation]
  6584 | D:5      | Gained mutation: You sometimes lose the ability to read
                  | scrolls when taking damage. [potion of mutation]
  6996 | D:6      | Found Neh Zul's Jewellery Shoppe.
  7009 | D:6      | Noticed Maggie
  7022 | D:6      | Killed Maggie
  7023 | D:6      | Reached XP level 9. HP: 45/45 MP: 9/24
  7161 | D:6      | Lost mutation: You sometimes lose the ability to read
                  | scrolls when taking damage. [potion of mutation]
  7161 | D:6      | Lost mutation: You possess an exceptional clarity of mind.
                  | [potion of mutation]
  7161 | D:6      | Gained mutation: You are dopey. (Int -2) [potion of
                  | mutation]
  7161 | D:6      | Gained mutation: You are robust. (+10% HP) [potion of
                  | mutation]
  7161 | D:6      | Gained mutation: Your spells are a little easier to cast,
                  | but a little less powerful. [potion of mutation]
  7161 | D:6      | Gained mutation: You possess an exceptional clarity of
                  | mind. [potion of mutation]
  7921 | D:6      | Noticed Menkaure
  7928 | D:6      | Killed Menkaure
  8508 | D:7      | Reached skill level 10 in Spellcasting
  8650 | D:7      | Found a staircase to the Ecumenical Temple.
  8697 | D:7      | Noticed Prince Ribbit
  8703 | D:7      | Killed Prince Ribbit
  9142 | D:7      | Reached **** piety under Sif Muna
  9744 | D:7      | Found a sacrificial altar of Ru.
 10089 | D:8      | Noticed Erica
 10099 | D:8      | Noticed a two-headed ogre
 10565 | D:8      | Killed a two-headed ogre
 10566 | D:8      | Reached XP level 10. HP: 55/55 MP: 11/27
 10662 | D:8      | Learned a level 3 spell: Summon Guardian Golem
 10666 | D:8      | Learned a level 3 spell: Mephitic Cloud
 10672 | D:8      | Learned a level 5 spell: Freezing Cloud
 10699 | D:8      | Killed Erica
 11661 | D:9      | Noticed a death yak
 11661 | D:9      | Noticed a death yak
 11661 | D:9      | Noticed a death yak
 11662 | D:9      | Noticed a death yak
 11662 | D:9      | Noticed a death yak
 11662 | D:9      | Noticed a death yak
 11680 | D:9      | Killed a death yak
 12000 | D:9      | Found a flagged portal.
 12010 | Bailey   | Entered a bailey
 12320 | Bailey   | Learned a level 4 spell: Passage of Golubria
 12565 | Bailey   | Reached skill level 15 in Conjurations
 12701 | Bailey   | Identified the +3 plate armour of Loivvir {rPois rC+ Str+6
                  | Int+3}
 13598 | D:9      | Learned a level 4 spell: Flame Wave
 13948 | D:9      | Found a staircase to the Lair.
 14300 | D:9      | Killed a death yak
 14301 | D:9      | Reached XP level 11. HP: 59/59 MP: 7/30
 14301 | D:9      | Killed a death yak
 14304 | D:9      | Killed a death yak
 14308 | D:9      | Killed a death yak
 14933 | D:9      | Found a staircase to the Orcish Mines.
 15375 | D:10     | Entered Level 10 of the Dungeon
 15382 | D:10     | Identified the +0 robe "Wiohirod" {SInv}
 16512 | D:9      | Learned a level 8 spell: Lehudib's Crystal Spear
 16964 | D:10     | Found a bloodstained altar of Trog.
 17257 | D:10     | Found a blossoming altar of Fedhas.
 17279 | D:10     | Noticed an oklob plant
 17532 | D:11     | Noticed an eight-headed hydra
 17536 | D:11     | Noticed an eight-headed hydra
 17541 | D:11     | Killed an eight-headed hydra
 17542 | D:11     | Noticed a two-headed ogre
 17782 | Orc:1    | Entered Level 1 of the Orcish Mines
 18094 | Orc:1    | Found Umpaz's Self-Improvement Boutique.
 18104 | Orc:1    | Reached skill level 5 in Earth Magic
 18808 | Orc:1    | Found Yghit's Antique Armour Shop.
 18816 | Orc:1    | Bought an embroidered hat for 154 gold pieces
 19052 | Orc:2    | Entered Level 2 of the Orcish Mines
 19060 | Orc:2    | Reached XP level 12. HP: 59/64 MP: 25/32
 19091 | Orc:2    | Found a staircase to the Elven Halls.
 19356 | Orc:2    | Noticed a two-headed ogre
 20392 | Orc:2    | Killed a two-headed ogre
 20663 | Orc:2    | Noticed an orc high priest
 20935 | Orc:2    | Noticed an orc high priest
 20939 | Orc:2    | Killed an orc high priest
 21216 | Orc:2    | Killed an orc high priest
 21223 | Orc:2    | Reached ***** piety under Sif Muna
 21769 | Orc:2    | Noticed an orc high priest
 21782 | Orc:2    | HP: 3/64 [orc high priest/divine providence (13)]
 22389 | Orc:2    | Killed an orc high priest
 22627 | Orc:2    | Noticed an orc high priest
 22733 | Orc:2    | Killed an orc high priest
 22734 | Orc:2    | Reached skill level 10 in Earth Magic
 22734 | Orc:2    | Received a gift from Sif Muna
 22737 | Orc:2    | Got Sif Muna's Incunabulum of Excruciating Earth {god gift}
 22746 | Orc:2    | Learned a level 7 spell: Orb of Destruction
 23072 | Orc:2    | Found Asaakoiwn's Magic Scroll Shoppe.
 23072 | Orc:2    | Found Xaur's Armour Shoppe.
 23073 | Orc:2    | Found Fumm's Magic Scroll Emporium.
 23080 | Orc:2    | Found Onusch's Antique Weapon Emporium.
 23419 | Lair:1   | Entered Level 1 of the Lair of Beasts
 23419 | Lair:1   | Noticed Sonja
 23421 | Lair:1   | Killed Sonja
 23425 | Lair:1   | Reached skill level 1 in Fighting
 23429 | Lair:1   | Noticed a four-headed hydra
 23640 | Lair:1   | Killed a four-headed hydra
 24371 | Lair:1   | Reached skill level 5 in Dodging
 24371 | Lair:1   | Reached skill level 15 in Spellcasting
 24378 | Lair:1   | Reached skill level 1 in Invocations
 24658 | Lair:1   | Lost mutation: You are robust. (+10% HP) [potion of
                  | mutation]
 24658 | Lair:1   | Lost mutation: You possess an exceptional clarity of mind.
                  | [potion of mutation]
 24658 | Lair:1   | Lost mutation: Your spells are a little easier to cast, but
                  | a little less powerful. [potion of mutation]
 24658 | Lair:1   | Gained mutation: Your natural rate of healing is unusually
                  | fast. [potion of mutation]
 24658 | Lair:1   | Gained mutation: You are frail. (-10% HP) [potion of
                  | mutation]
 25132 | Lair:1   | Found a runed translucent door.
 25352 | Lair:1   | Reached XP level 13. HP: 61/61 MP: 14/34
 27139 | Lair:2   | Identified the +0 robe of Wu Jian's Hope {rElec rN++ Str-3
                  | Stlth+}
 27346 | Lair:3   | Found a transporter.
 27477 | Lair:3   | Found a transporter.
 27575 | Lair:3   | Identified the -6 cloak "Lihief" {rElec}
 27908 | Lair:3   | Found a staircase to the Snake Pit.
 28658 | Lair:3   | Learned a level 2 spell: Blink
 28924 | Lair:4   | Found a dark tunnel.
 28945 | Volcano  | Entered a volcano
 29367 | Volcano  | Found a bloodstained altar of Trog.
 29388 | Volcano  | Reached skill level 5 in Invocations
 29531 | Volcano  | Noticed a red draconian
 29558 | Volcano  | Reached skill level 5 in Fighting
 29653 | Volcano  | Identified the +3 leather armour of Unreason {Contam Harm
                  | rPois}
 29768 | Volcano  | Killed a red draconian
 30028 | Lair:4   | Found a staircase to the Swamp.
 30420 | Lair:4   | Found a transporter.
 30424 | Lair:4   | Found a transporter.
 30495 | Lair:4   | Slain by a boulder beetle

Illustrated notes

Levels and vault maps discovered:
D:1:      giann_wishing_wells, layout_basic, dreamdust_ecumenical_altar_statues,
          grunt_decor_resistance, chequers_serial_rivers_room_a, st_stairs_5,
          minivault_23
D:2:      layout_basic
D:3:      layout_rooms, mainiacjoe_overflow_small_starburst,
          portal_sewer_entry_f
D:4:      layout_loops_corners, mainiacjoe_overflow_alcove_1, serial_shops,
          kennysheep_mini
D:5:      layout_basic, gammafunk_temple_overflow_wave, kennysheep_little_box,
          corexii_checkpoint_b, uniq_grinder
D:6:      layout_loops_ring, serial_shops, shop, uniq_maggie, uniq_menkaure
D:7:      layout_rooms, nicolae_ru_the_path_less_chosen,
          minmay_temple_entry_waves, minivault_14, grunt_ministairs_6,
          uniq_prince_ribbit1
D:8:      layout_loops_ring, uniq_erica
D:9:      layout_grid_maze, dpeg_lair_monsters, orc_0_dummy, enter_bailey_2,
          chequers_garden
D:10:     layout_big_octagon, tgw_fedhas, trog_hazing_becter
D:11:     layout_basic, tgw_sif, uniq_erolcha
Lair:1:   gammafunk_lair_enchanted_lake, layout_gridlike, uniq_sonja
Lair:2:   lemuel_ratsnest, layout_small_grid, portal_ice_cave_rime,
          serial_bayou_shore_b
Lair:3:   gammafunk_cloud_chamber, layout_regular_city,
          guppyfry_snake_entry_island
Lair:4:   gammafunk_boulding_lane, layout_hall_layers, minmay_swamp_entry_swarm,
          nicolae_volcano_entry_lava_flow
Orc:1:    layout_caves, serial_shops, nicolae_shop_overgrown_old_shop,
          basic_altar, nicolae_shop_self_help
Orc:2:    st_orc_mages, layout_caves, hellmonk_bongcloud_opening

Skill      XL: |  1  2  3  4  5  6  7  8  9 10 11 12 13 |
---------------+----------------------------------------+-----
Conjurations   | 5 6 7 8 9 11 13 15 16 | 16.9
Spellcasting   | 4 5 6 7 9 11 13 14 15 16 | 16.2
Earth Magic    | 6 10 | 10.2
Dodging        | 5 7 |  7.9
Fighting       | 3 5 |  5.1
Invocations    | 2 5 |  5.5
Stealth        | |  2.4

Action                   |  1- 3 |  4- 6 |  7- 9 | 10-12 | 13-15 || total
-------------------------+-------+-------+-------+-------+-------++-------
Melee: Spear             |       |    18 |     5 |       |       ||    23
       Staff             |       |       |     3 |    20 |    51 ||    74
       Punch             |       |       |       |       |     2 ||     2
 Cast: Magic Dart        |    69 |    77 |   169 |   286 |    11 ||   612
       Searing Ray       |     1 |    10 |    12 |    30 |     6 ||    59
       Fulminant Prism   |       |     5 |    46 |    79 |     2 ||   132
       Iskenderun's Myst |       |       |    12 |    58 |    13 ||    83
       Swiftness         |       |       |     2 |     3 |     1 ||     6
       Dazzling Flash    |       |       |     1 |       |       ||     1
       Flame Wave        |       |       |       |    10 |     9 ||    19
       Mephitic Cloud    |       |       |       |     8 |       ||     8
       Passage of Golubr |       |       |       |     2 |       ||     2
       Summon Guardian G |       |       |       |     4 |     2 ||     6
       Orb of Destructio |       |       |       |    26 |    74 ||   100
Invok: Forget Spell      |       |       |       |     3 |       ||     3
       Channel Magic     |       |       |       |       |     2 ||     2
Evoke: Wand              |       |       |     3 |     8 |       ||    11
  Use: Scroll            |       |     5 |    13 |     5 |     3 ||    26
       Potion            |       |     2 |     8 |     2 |     6 ||    18
 Stab: Sleeping          |       |     1 |       |       |       ||     1
       Invisible         |       |       |     1 |       |       ||     1
Armor: Robe              |     2 |     6 |       |       |       ||     8
       Steam dragon scal |       |       |    14 |    62 |    42 ||   118
Dodge: Dodged            |     5 |    31 |    39 |   132 |   120 ||   327
Block: Other             |       |       |       |       |     7 ||     7
       Reflection        |       |       |       |       |     2 ||     2
